 Dungeon Crawl Stone Soup version 0.30.1-11-g7821555f0a (webtiles) character file.

Game seed: 1873411733041424968

10477 growler the Zephyrmancer (level 11, -5/63 HPs)
             Began as a Tengu Air Elementalist on Oct 27, 2023.
             Was a High Priest of Hepliaklqana.
             Slain by a black mamba (14 damage)
             ... on level 1 of the Lair of Beasts.
             The game lasted 00:35:26 (13926 turns).

growler the Zephyrmancer (Tengu Air Elementalist)  Turns: 13926, Time: 00:35:28

Health: -5/63      AC:  2    Str:  9    XL:     11   Next: 62%
Magic:  12/21      EV: 17    Int: 25    God:    Hepliaklqana [*****.]
Gold:   713        SH: 10    Dex: 15    Spells: 12/22 levels left

rFire   . . .        (no weapon)
rCold   . . .        E - +0 kite shield
rNeg    . . .        a - +0 robe
rPois   .            (helmet restricted)
rElec   .            (no cloak)
rCorr   .            (no gloves)
SInv    .            (boots unavailable)
Will    .....        b - amulet of magic regeneration
Stlth   ++           e - +5 ring of evasion
HPRegen 0.30/turn    j - +6 ring of intelligence
MPRegen 0.57/turn

%: no passive effects
@: flying quickly and evasively, quick
A: reduced essence, beak, talons 3, nimble flight
a: Renounce Religion, Recall Ancestor, Ancestor Identity, Transference, Idealise


You were on level 1 of the Lair of Beasts.
You worshipped Hepliaklqana.
Hepliaklqana was extremely pleased with you.
You visited 3 branches of the dungeon, and saw 13 of its levels.

You collected 713 gold pieces.

Inventory:

Hand Weapons
 H - a +0 dagger
Armour
 a - a +0 robe (worn)
 w - a +0 buckler
 A - +0 steam dragon scales
 E - a +0 kite shield (worn)
Jewellery
 b - an amulet of magic regeneration (around neck)
 e - a +5 ring of evasion (left hand)
 f - a ring of see invisible
 i - an amulet of faith
 j - a +6 ring of intelligence (right hand)
 n - a ring of protection from fire
 D - a ring of magical power
 F - an amulet of guardian spirit
Wands
 s - a wand of roots (13)
 x - a wand of flame (39)
 y - a wand of paralysis (12)
 B - a wand of digging (6)
Scrolls
 l - a scroll of immolation
 m - a scroll of butterflies {unknown}
 o - a scroll of enchant armour {unknown}
 p - a scroll of teleportation
 q - 2 scrolls of fear {unknown}
 r - a scroll of fog {unknown}
 u - a scroll of identify
 v - a scroll of acquirement {unknown}
 C - a scroll of amnesia {unknown}
 G - a scroll of poison {unknown}
Potions
 c - 4 potions of haste
 d - a potion of cancellation
 g - 4 potions of curing
 h - 2 potions of resistance
 t - a potion of invisibility
 z - a potion of brilliance


   Skills:
 + Level 9.4 Fighting
 - Level 2.1 Dodging
 - Level 2.0 Stealth
 + Level 7.5 Shields
 - Level 6.0 Spellcasting
 + Level 8.1 Conjurations
 + Level 13.7 Air Magic


You had 12 spell levels left.
You knew the following spells:

 Your Spells              Type           Power      Damage    Failure   Level
a - Shock                 Conj/Air       100%       1d9       1%          1
b - Static Discharge      Conj/Air       100%       2-7/arc   1%          2
c - Swiftness             Air            66%        N/A       1%          3
d - Airstrike             Air            33%        2d(5-21)  1%          4

Your spell library contained the following spells:

 Spells                   Type           Power      Damage    Failure   Level
 Poisonous Vapours        Pois/Air       82%        N/A       2%          2
 Summon Small Mammal      Summ           28%        N/A       28%         1
 Call Canine Familiar     Summ           7%         N/A       63%         3
 Summon Guardian Golem    Hex/Summ       7%         N/A       63%         3
 Passage of Golubria      Tloc           7%         N/A       95%         4
 Alistair's Intoxication  Tmut/Pois      4%         N/A       100%        5
 Summon Forest            Summ/Tloc      3%         N/A       100%        5
 Chain Lightning          Conj/Air       29%        3d38      100%        9
 Fire Storm               Conj/Fire      13%        8d4       100%        9
 Shatter                  Erth           3%         3d7*      100%        9


Dungeon Overview and Level Annotations

Branches:
Dungeon (11/15)            Temple (1/1) D:4            Lair (1/5) D:10
    Orc (0/2) D:11

Altars:
Ashenzari
Cheibriados
Dithmenos
Elyvilon
Fedhas
Gozag
Hepliaklqana
Kikubaaqudgha
Makhleb
Nemelex Xobeh
Okawaru
Qazlal
Ru
Sif Muna
Trog
Uskayaw
Vehumet
Wu Jian
Xom
Yredelemnul
Zin
The Shining One

Shops:
D:5 [   D:7 ?


Innate Abilities, Weirdness & Mutations

Your life essence is reduced to manifest your ancestor. (-10% HP)
You have a beak for a mouth.
You have claws for feet.
Your magical nature lets you fly swiftly and evasively.


Message History

The fungus begins to die.
The fungus is lightly damaged.
You are struck by an arc of lightning.
* * * LOW HITPOINT WARNING * * *
The plant is struck by an arc of lightning.
The plant is lightly damaged.
The lightning grounds out.
The fungus is struck by an arc of lightning.
The fungus is lightly damaged.
You are struck by an arc of lightning.
* * * LOW HITPOINT WARNING * * *
The lightning grounds out.
The black mamba completely misses you. The black mamba misses you.
You block the bullfrog's attack.
You feel much better. The black mamba bites you!
The bullfrog completely misses you. The black mamba closely misses you.
The bullfrog attacks as you move away! The bullfrog hits you!
* * * LOW HITPOINT WARNING * * *
The black mamba attacks as you move away!
The black mamba bites you!
* * * LOW HITPOINT WARNING * * *
The black mamba bites the plant.
You block the bullfrog's attack.
You feel better.
The black mamba bites the plant!
The black mamba bites the plant.
The plant looks as sick as possible!
The black mamba poisons the plant!
The bullfrog barely misses you.
The elephant tramples the plant.
The elephant trunk-slaps the plant.
A nearby plant withers and dies.
Casting: Static Discharge (safe; 1% risk of failure)
Confirm with . or Enter, or press ? or * to list all spells.
The bullfrog is struck by an arc of lightning.
The bullfrog is moderately wounded.
The black mamba is struck by an arc of lightning.
The black mamba is severely wounded.
You are struck by an arc of lightning.
* * * LOW HITPOINT WARNING * * *
The lightning grounds out.
A nearby fungus withers and dies.
The bullfrog hits you.
* * * LOW HITPOINT WARNING * * *
You block the black mamba's attack. The bullfrog barely misses you.
The black mamba bites you!
You die...

.......##.#....
......#.....#
#.....S.# #.YY#
......##.##
..... #Y.###
..#. #.Y#.# . #
#.SF####.#
###@.....#
#..####..#
##.<###
..#P....####
.............#
....#......P##
..P####....##
.## #..P.##
#..###


You could see 4 elephants, a black mamba, a water moccasin and a bullfrog.

Vanquished Creatures
  A two-headed ogre (D:11)
  2 death yaks (D:10)
  An elephant (Lair:1)
  A troll (D:11)
  Grinder (D:4)
  A dream sheep (D:10)
  A vampire (D:11)
  A shadow (D:10)
  8 yaks
  2 wraiths
  An acid dragon (D:10)
  3 orc warriors
  2 black bears
  2 sky beasts
  A swamp drake (D:11)
  6 centaurs
  2 kobold brigands (D:11)
  2 bullfrogs
  3 scorpions
  4 killer bees (D:9)
  2 howler monkeys
  2 hounds
  3 orc priests
  2 gnoll boudas
  2 jellies
  2 iguanas
  4 orc wizards
  3 sleepcaps
  9 adders
  A gnoll (D:7)
  A white imp (D:5)
  7 dart slugs
  39 orcs
  8 ball pythons
  5 bats
  5 endoplasms
  5 giant cockroaches
  7 goblins
  9 hobgoblins
  15 kobolds
  4 quokkas
  3 frilled lizards (D:2)
  5 rats
188 creatures vanquished.

Vanquished Creatures (collateral kills)
  A death yak (D:10)
  A two-headed ogre (D:9)
  7 yaks
  A steam dragon (D:8)
  2 ice beasts (D:8)
  2 orc warriors (D:11)
  A sky beast (D:7)
  A black bear (D:7)
  2 centaurs (D:8)
  A scorpion (D:6)
  A bullfrog (D:8)
  A killer bee (D:9)
  A howler monkey (D:6)
  An iguana (D:6)
  4 orc wizards
  3 gnolls (D:7)
  5 orcs
35 creatures vanquished.

Vanquished Creatures (others)
  6 hexers
6 creatures vanquished.

Grand Total: 229 creatures vanquished

Notes
Turn   | Place    | Note
-------+----------+-------------------------------------------
     0 | D:1      | growler the Tengu Air Elementalist began the quest for the
                  | Orb.
     0 | D:1      | Reached XP level 1. HP: 10/10 MP: 4/4
   202 | D:1      | Reached XP level 2. HP: 15/15 MP: 0/6
   669 | D:1      | Found a faded altar of an unknown god.
   934 | D:1      | Reached XP level 3. HP: 19/19 MP: 5/7
   937 | D:1      | Learned a level 2 spell: Static Discharge
   941 | D:1      | Learned a level 3 spell: Swiftness
  1589 | D:2      | Reached XP level 4. HP: 24/24 MP: 4/9
  2057 | D:3      | Reached skill level 5 in Air Magic
  2271 | D:3      | Gained mutation: Your magical nature lets you fly swiftly
                  | and evasively. [Tengu growth]
  2271 | D:3      | Reached XP level 5. HP: 28/28 MP: 5/10
  2742 | D:4      | Learned a level 4 spell: Airstrike
  2939 | D:4      | Noticed Grinder
  2943 | D:4      | Killed Grinder
  2944 | D:4      | Reached skill level 5 in Conjurations
  2944 | D:4      | Reached skill level 6 in Air Magic
  2944 | D:4      | Reached XP level 6. HP: 32/32 MP: 2/12
  3130 | D:4      | Found a broken altar of Ashenzari.
  3130 | D:4      | Found a burning altar of Makhleb.
  3130 | D:4      | Found a white marble altar of Elyvilon.
  3140 | D:4      | Found a glowing silver altar of Zin.
  3206 | D:4      | Found a hide-covered altar of Uskayaw.
  3273 | D:4      | Reached XP level 7. HP: 36/36 MP: 10/14
  3380 | D:4      | Reached skill level 7 in Air Magic
  3679 | D:4      | Found a staircase to the Ecumenical Temple.
  3688 | Temple   | Entered the Ecumenical Temple
  3698 | Temple   | Became a worshipper of Hepliaklqana the Forgotten
  4132 | D:4      | Reached skill level 1 in Fighting
  4369 | D:5      | Entered Level 5 of the Dungeon
  4494 | D:5      | Found Iptaf's Antique Armour Boutique.
  4676 | D:5      | Reached * piety under Hepliaklqana
  4726 | D:5      | Reached XP level 8. HP: 39/39 MP: 10/16
  4973 | D:5      | Reached skill level 5 in Spellcasting
  5853 | D:6      | Reached skill level 8 in Air Magic
  6001 | D:6      | Reached ** piety under Hepliaklqana
  6002 | D:6      | Remembered your ancestor Reggie B. as a hexer
  6670 | D:6      | Found a shimmering altar of Xom.
  6723 | D:6      | Found an ornate altar of the Wu Jian Council.
  7031 | D:7      | Found an iron altar of Okawaru.
  7084 | D:7      | Reached skill level 9 in Air Magic
  7157 | D:7      | Found Isomeat's Magic Scroll Boutique.
  7834 | D:7      | Reached XP level 9. HP: 46/46 MP: 0/19
  7856 | D:7      | Reached skill level 1 in Shields
  8491 | D:8      | Reached skill level 5 in Fighting
  8504 | D:8      | Reached skill level 10 in Air Magic
  8702 | D:8      | Identified the +0 chain mail of Ellolalo {Dex+4}
  9311 | D:8      | Reached *** piety under Hepliaklqana
  9606 | D:9      | Reached skill level 11 in Air Magic
  9606 | D:9      | Reached XP level 10. HP: 54/54 MP: 3/20
  9857 | D:8      | Reached skill level 5 in Shields
 10521 | D:9      | Noticed a two-headed ogre
 10538 | D:9      | Killed a two-headed ogre
 10591 | D:9      | Found a bloodstained altar of Trog.
 10968 | D:10     | Entered Level 10 of the Dungeon
 10997 | D:10     | Reached skill level 12 in Air Magic
 11187 | D:10     | Noticed a death yak
 11188 | D:10     | Noticed a death yak
 11189 | D:10     | Noticed a death yak
 11251 | D:10     | Killed a death yak
 11702 | D:10     | Killed a death yak
 11703 | D:10     | Reached XP level 11. HP: 57/62 MP: 5/21
 11720 | D:10     | Reached skill level 13 in Air Magic
 11725 | D:10     | Found an opulent altar of Gozag.
 11925 | D:10     | Killed a death yak
 12000 | D:10     | Reached **** piety under Hepliaklqana
 12076 | D:10     | Found a staircase to the Lair.
 12111 | D:10     | Found a glowing golden altar of the Shining One.
 13330 | D:11     | Found a staircase to the Orcish Mines.
 13510 | D:11     | Noticed a two-headed ogre
 13522 | D:11     | Killed a two-headed ogre
 13586 | D:11     | Got the Enchiridion on the Vector and Contamination
 13649 | D:11     | Reached ***** piety under Hepliaklqana
 13890 | Lair:1   | Entered Level 1 of the Lair of Beasts
 13926 | Lair:1   | Slain by a black mamba

Illustrated notes

Levels and vault maps discovered:
D:1:      ebering_hopf_link, layout_loops_cross, chequers_ecumenical_altar_grove
D:2:      layout_rooms
D:3:      layout_loops_ring
D:4:      layout_basic, nicolae_uskayaw_dance_hall,
          nicolae_overflow_quartered_altars, minmay_temple_entry_purple_smoke,
          st_stairs_8, nicolae_concentric_dashed_squares_wild,
          kennysheep_small_square, uniq_grinder
D:5:      layout_layer_cave, nicolae_take_the_stairs
D:6:      layout_cave_pools, lemuel_coloured_pillars_altar,
          nicolae_wu_jian_wuxing_cycle, minmay_misc_feat_rugged
D:7:      layout_loops_ring, general_overflow_altar, serial_shops,
          nicolae_shop_rolled_up
D:8:      layout_loops_ring, minmay_between
D:9:      layout_basic, trog_book
D:10:     layout_layer_cave, overflow_temple_1_default, tso_altar,
          dpeg_lair_monsters, dreamdust_gnoll_shepherd
D:11:     layout_gridville, erik_orc_1
Temple:   chequers_temple_sunken
Lair:1:   beast_lair_carwin_large_1, layout_layer_cave, uniq_sonja

Skill      XL: |  1  2  3  4  5  6  7  8  9 10 11 |
---------------+----------------------------------+-----
Conjurations   | 2 3 5 6 8 |  8.1
Air Magic      | 5 6 7 9 11 12 13 | 13.7
Spellcasting   | 3 4 6 |  6.0
Fighting       | 1 4 6 8 9 |  9.4
Shields        | 4 7 |  7.5
Dodging        | |  2.1
Stealth        | |  2.0

Action                     |  1- 3 |  4- 6 |  7- 9 | 10-12 || total
---------------------------+-------+-------+-------+-------++-------
  Melee: Unarmed           |       |    24 |     8 |    19 ||    51
         Kick              |       |    10 |     4 |    11 ||    25
         Peck              |       |       |     1 |     3 ||     4
   Cast: Shock             |    76 |    62 |   154 |    98 ||   390
         Airstrike         |       |     3 |    34 |    71 ||   108
         Static Discharge  |       |       |    19 |    24 ||    43
 Invoke: Ancestor Identity |       |       |     1 |       ||     1
         Recall Ancestor   |       |       |     2 |     1 ||     3
         Ancestor Life: He |       |       |     1 |       ||     1
  Evoke: Wand              |       |       |       |     3 ||     3
    Use: Scroll            |       |     7 |     3 |     2 ||    12
         Potion            |       |       |       |     3 ||     3
   Stab: Distracted        |       |       |       |     2 ||     2
 Armour: Robe              |     3 |     1 |     1 |     5 ||    10
  Dodge: Dodged            |     8 |    22 |    37 |    33 ||   100
  Block: Buckler           |       |       |     1 |    13 ||    14
         Kite shield       |       |       |       |    14 ||    14
